 Dungeon Crawl Stone Soup version 0.28-a0-474-g535839065c (webtiles) character file.

Game seed: 3578030042777729727

768 spiderkeys the Skirmisher (level 7, -4/49 HPs)
             Began as an Octopode Abyssal Knight on Sept 15, 2021.
             Was a Believer of Lugonu.
             Shot with an arrow by a centaur (13 damage)
             ... on level 5 of the Dungeon.
             The game lasted 00:06:19 (4544 turns).

spiderkeys the Skirmisher (Octopode Abyssal Knight) Turns: 4544, Time: 00:06:20

Health: -4/49      AC:  1    Str: 14    XL:     7   Next: 82%
Magic:  10/10      EV: 14    Int: 14    God:    Lugonu [**....]
Gold:   299        SH:  0    Dex: 11    Spells: 6/6 levels left

rFire   . . .      SeeInvis .   e - +0 trident (venom)
rCold   . . .      Faith    .   (no shield)
rNeg    . . .      Spirit   .   (helmet restricted)
rPois   .          Reflect  .   (no amulet)
rElec   .          Harm     .   (no ring)
rCorr   .          Rampage  .   (no ring)
Will    .....                   (no ring)
Stlth   +++.......              (no ring)
HPRegen 0.16/turn               (no ring)
MPRegen 0.12/turn               (no ring)
                                (no ring)
                                (no ring)

@: no status effects
A: almost no armour, amphibious, 8 rings, camouflage 1, gelatinous body 1,
(nimble swimmer 1), tentacles
a: Renounce Religion, Depart the Abyss, Bend Space


You were on level 5 of the Dungeon.
You worshipped Lugonu.
Lugonu was pleased with you.
You visited 1 branch of the dungeon, and saw 5 of its levels.
You visited the Abyss 1 time.

You collected 299 gold pieces.


Innate Abilities, Weirdness & Mutations

You cannot wear most types of armour.
You are amphibious.
You can wear up to eight rings at the same time.
Your skin changes colour to match your surroundings (Stealth+).
Your rubbery body absorbs attacks. (AC +1, EV +1)
((You are camouflaged near water. (Stealth+)))
You have tentacles for arms and can constrict up to eight enemies at once.


   Skills:
 + Level 4.9 Fighting
 + Level 4.4 Polearms
 + Level 4.6 Dodging
 + Level 3.2 Stealth
 + Level 4.7 Invocations


You had 6 spell levels left.
You didn't know any spells.
Your spell library contained the following spells:

 Spells                   Type           Power      Damage    Failure   Level
 Blink                    Tloc           N/A        N/A       41%         2
 Ensorcelled Hibernation  Hex/Ice        0%         N/A       41%         2
 Lesser Beckoning         Tloc           0%         N/A       65%         3
 Tukima's Dance           Hex            0%         N/A       65%         3
 Manifold Assault         Tloc           0%         N/A       100%        5

Inventory:

Hand Weapons
 a - a +1 spear
 e - a +0 trident of venom (weapon)
   (You found it on level 1 of the Dungeon)
 i - a +0 trident
   (You found it on level 2 of the Dungeon)
Missiles
 b - 174 stones
 f - 35 poisoned darts
 m - 52 arrows
 o - 39 sling bullets
Wands
 q - a wand of polymorph (6)
   (You found it on level 3 of the Dungeon)
Scrolls
 d - 5 scrolls of teleportation {@r4}
 h - a scroll of holy word
 k - a scroll of fog
Potions
 c - a potion of berserk rage {unknown}
 g - a potion of mutation {unknown}
 j - 2 potions of curing {unknown}
 l - a potion of ambrosia {unknown}
 n - 3 potions of attraction {!q}

Dungeon Overview and Level Annotations

Branches:
Dungeon (5/15)
 Temple: D:4-7

Altars:

##..(##
##.....###.
##..........
#..........
+..(.....#
#>ยงยง....#
#ยง.ยง...#..#
#.@....c.:
##)...#c##
##+#.# .# ..
##


You could see 2 centaurs.


Message History

Lugonu accepts your kill.
No target in view!
Things that are here:
a +0 club; a goblin corpse Key pressed, stopping explore.
Key pressed, stopping explore.
Found a stone staircase leading up.
Found a stone staircase leading down.
b - 156 stones (gained 25)
You now have 299 gold pieces (gained 3).
f - 35 poisoned darts (gained 19)
Things that are here:
a +0 flail; a +0 hand axe; a +0 leather armour A scorpion comes into view.
A scorpion is nearby!
An iguana comes into view.
You reach to attack!
The helpless scorpion fails to defend itself.
You puncture the scorpion!
The scorpion is poisoned.
You barely miss the scorpion. You grab the scorpion.
You squeeze the scorpion, but do no damage.
You constrict the scorpion.
You kill the scorpion!
Lugonu accepts your kill.
You reach to attack!
You hit the iguana.
The iguana is poisoned.
You closely miss the iguana. You grab the iguana. You squeeze the iguana.
You constrict the iguana. The iguana bites you! ๐Ÿ˜• HP[-11]
You take 11 damage, and now have 38/49 hp.
MASSIVE DAMAGE!! (PAUSE)
You hit the iguana.
The iguana looks as sick as possible!
You squeeze the iguana.
You kill the iguana!
Lugonu accepts your kill.
No target in view!
No target in view!
Key pressed, stopping explore.
b - 174 stones (gained 18) Key pressed, stopping explore.
Key pressed, stopping explore.
Key pressed, stopping explore.
There is an escape hatch in the floor here.
There is a stone staircase leading up here.
There is a stone staircase leading up here.
Done exploring. ๐Ÿ˜Ž HP[+11]
Your hp is fully restored (49).
Done exploring.
There is a stone staircase leading up here.
There is a stone staircase leading up here.
There is a stone staircase leading down here.
You climb downwards.
Found a manual of Hexes, 21 bolts and 16 stones.
Found a stone staircase leading down.
There is a stone staircase leading up here.
There are monsters nearby!
The helpless Eustachio fails to defend himself.
You puncture Eustachio! You grab Eustachio. You squeeze Eustachio!
You constrict Eustachio.
Eustachio hits you with a +0 rapier. ๐Ÿ˜• HP[-1]
You take 1 damage, and now have 48/49 hp.
You hit Eustachio but do no damage. You constrict Eustachio.
Eustachio mumbles some strange words.
You puncture Eustachio! You constrict Eustachio.
Eustachio hits you with a +0 rapier. ๐Ÿ˜• HP[-6]
You take 6 damage, and now have 42/49 hp.
You hit Eustachio. You constrict Eustachio. The iron imp hits you!
The centaur wields a +0 shortbow.
The centaur shoots an arrow.
The arrow hits you!
* * * LOW HITPOINT WARNING * * *
Eustachio casts a spell.
Eustachio struggles to blink free from constriction. ๐Ÿ˜จ HP[-23]
You take 23 damage, and now have 19/49 hp.
MASSIVE DAMAGE!! (PAUSE)
You hit Eustachio but do no damage. You constrict Eustachio.
A centaur comes into view.
The iron imp laughs crazily.
The iron imp closely misses you.
Eustachio casts a spell.
The centaur shoots an arrow.
The arrow hits you!
* * * LOW HITPOINT WARNING * * *
The centaur shouts! ๐Ÿ˜ฑ HP[-10]
You take 10 damage, and now have 9/49 hp.
MASSIVE DAMAGE!! (PAUSE)
You hit Eustachio but do no damage.
Eustachio is poisoned.
You constrict Eustachio.
You kill Eustachio!
Lugonu accepts your kill.
The iron imp disappears in a puff of smoke!
The quokka disappears in a puff of smoke!
The centaur shoots an arrow.
The arrow completely misses you.
The centaur wields a +0 shortbow.
The centaur shoots an arrow.
The arrow barely misses you.
Your Stealth skill increases to level 3!
The centaur shoots an arrow.
The arrow completely misses you.
The centaur shoots an arrow.
The arrow hits you!
You die...

Skill      XL: |  1  2  3  4  5  6  7 |
---------------+----------------------+-----
Fighting       | 4 |  4.9
Polearms       | 3 4 |  4.4
Dodging        | 3 4 |  4.6
Invocations    | 3 4 |  4.7
Stealth        | 1 3 |  3.2

Action                   |  1- 3 |  4- 6 |  7- 9 || total
-------------------------+-------+-------+-------++-------
Melee: Trident           |       |   102 |    73 ||   175
       Constrict         |       |    20 |    17 ||    37
       Tentacles         |       |    11 |    10 ||    21
       Spear             |       |     9 |       ||     9
Throw: Dart              |       |       |     8 ||     8
Invok: Depart the Abyss  |       |     1 |       ||     1
  Use: Scroll            |     1 |       |     5 ||     6
 Stab: Sleeping          |       |     9 |     5 ||    14
Armor: Skin              |     4 |     9 |     3 ||    16
Dodge: Dodged            |    13 |    53 |    32 ||    98

Levels and vault maps discovered:
D:1:      lightli_arrival_windingriver, layout_loops_ring,
          dreamdust_ecumenical_altar_grove
D:2:      layout_basic, eino_tiny_chamber, minmay_misc_feat_plants,
          grunt_ministairs_2, kennysheep_generic_room_12, uniq_natasha
D:3:      kennysheep_slugbush, layout_basic
D:4:      layout_loops_cross, serial_park_tiny_pond
D:5:      layout_loops_corners, minmay_temple_entry_junction, serial_shops,
          nicolae_take_the_stairs, minmay_manual_mares, uniq_ijyb,
          uniq_eustachio, uniq_pikel, uniq_prince_ribbit1, uniq_sigmund

Notes
Turn   | Place    | Note
-------+----------+-------------------------------------------
     0 | Abyss:1  | spiderkeys the Octopode Abyssal Knight began the quest for
                  | the Orb.
     0 | Abyss:1  | Reached XP level 1. HP: 16/16 MP: 2/2
     0 | Abyss:1  | magus.rc [v1.9.10]
    81 | Abyss:2  | Noticed a small abomination
   104 | Abyss:2  | Noticed a quasit
   126 | Abyss:2  | Noticed an efreet
   129 | Abyss:2  | Killed an efreet
   129 | Abyss:2  | Killed a quasit
   130 | Abyss:2  | Reached skill level 4 in Fighting
   130 | Abyss:2  | Reached skill level 3 in Polearms
   130 | Abyss:2  | Reached skill level 3 in Dodging
   130 | Abyss:2  | Reached skill level 3 in Invocations
   130 | Abyss:2  | Reached XP level 2. HP: 11/22 MP: 2/4
   130 | Abyss:2  | Reached XP level 3. HP: 14/27 MP: 2/5
   130 | Abyss:2  | Reached XP level 4. HP: 17/33 MP: 2/6
   130 | Abyss:2  | Reached XP level 5. HP: 19/37 MP: 2/7
   130 | Abyss:2  | Reached XP level 6. HP: 22/43 MP: 2/8
   205 | Abyss:2  | Noticed a ynoxinul
   212 | Abyss:2  | Noticed a starcursed mass
   215 | D:1      | You pass through the gate.
   215 | D:1      | Escaped the Abyss
   359 | D:1      | Found a faded altar of an unknown god.
   985 | D:1      | Reached * piety under Lugonu
  1223 | D:2      | You pick up a book of Spatial Translocations and begin
                  | reading...
  1223 | D:2      | You add the spells Blink, Lesser Beckoning and Manifold
                  | Assault to your library.
  1650 | D:2      | Reached skill level 4 in Invocations
  1933 | D:2      | Reached skill level 4 in Dodging
  1964 | D:2      | Noticed Natasha
  1970 | D:2      | Reached skill level 1 in Stealth
  1980 | D:2      | Killed Natasha
  2682 | D:3      | Reached XP level 7. HP: 36/49 MP: 10/10
  3231 | D:4      | Reached skill level 2 in Stealth
  3236 | D:4      | Reached skill level 4 in Polearms
  3459 | D:4      | Reached ** piety under Lugonu
  3666 | D:4      | HP: 11/49 [orc (10)]
  3673 | D:4      | HP: 8/49 [orc (4)]
  3702 | D:4      | HP: 7/49 [worm (6)]
  4016 | D:4      | You pick up a book of Maledictions and begin reading...
  4016 | D:4      | You add the spells Ensorcelled Hibernation and Tukima's
                  | Dance to your library.
  4537 | D:5      | Entered Level 5 of the Dungeon
  4537 | D:5      | Noticed Eustachio
  4542 | D:5      | HP: 9/49 [centaur/arrow (10)]
  4543 | D:5      | Killed Eustachio
  4544 | D:5      | Reached skill level 3 in Stealth
  4544 | D:5      | Shot with an arrow by a centaur

Vanquished Creatures
  An efreet (Abyss:2)
  Eustachio (D:5)
  A scorpion (D:4)
  A quasit (Abyss:2)
  3 iguanas (D:4)
  Natasha (D:2)
  A hound skeleton (D:4)
  4 adders
  A white imp (D:3)
  2 worms (D:4)
  12 dart slugs
  9 orcs
  5 ball pythons
  4 endoplasms
  2 giant cockroaches
  5 goblins
  4 hobgoblins
  8 jackals (D:2)
  5 kobolds
  2 quokkas
  4 bats
  5 frilled lizards
81 creatures vanquished.

Vanquished Creatures (others)
  A bat (D:3)
1 creature vanquished.

Grand Total: 82 creatures vanquished

Table legend:
 A = Non-vault XP
 B = Vault XP
 C = Vault XP percentage of total XP
 D = Non-vault monster count
 E = Vault monster count
 F = Vault count percentage of total count
                 A         B        C        D         E       F
            +---------+---------+-------+---------+---------+-------
      Total |     804 |     294 |  26.8 |      64 |      17 |  21.0
            +---------+---------+-------+---------+---------+-------
        D:1 |      20 |       0 |   0.0 |      12 |       0 |   0.0
        D:2 |      72 |      42 |  36.8 |      20 |       5 |  20.0
        D:3 |      45 |      44 |  49.4 |      13 |      11 |  45.8
        D:4 |     246 |       0 |   0.0 |      17 |       0 |   0.0
        D:5 |       0 |     208 | 100.0 |       0 |       1 | 100.0
    Abyss:2 |     421 |       0 |   0.0 |       2 |       0 |   0.0
            +---------+---------+-------+---------+---------+-------

Illustrated notes

Table legend:
 A = Kills in this place as a percentage of kills in entire the game.
 B = Kills by you in this place as a percentage of kills by you in the entire game.
 C = Kills by friends in this place as a percentage of kills by friends in the entire game.
 D = Other kills in this place as a percentage of other kills in the entire game.
 E = Experience gained in this place as a percentage of experience gained in the entire game.
 F = Experience gained in this place divided by the number of levels of this place that you have seen.
                   A       B       C       D       E      F
               +-------+-------+-------+-------+-------+----------------------
         Total | 100.0 | 100.0 |   N/A |   N/A | 100.0 | 156.9
       Dungeon |  97.5 |  97.5 |   N/A |   N/A |  61.7 | 135.4
         Abyss |   2.5 |   2.5 |   N/A |   N/A |  38.3 | 210.5
               +-------+-------+-------+-------+-------+----------------------

Table legend: (Time is in decaauts)
 A = Elapsed time spent in this place.
 B = Non-inter-level travel time spent in this place.
 C = Inter-level travel time spent in this place.
 D = Time resting spent in this place.
 E = Time spent auto-exploring this place.
 F = Levels seen in this place.
 G = Mean time per level.
                   A        B        C        D        E       F      G
               +--------+--------+--------+--------+--------+-----+--------+
         Total |   4563 |   4334 |    229 |    276 |   3448 |   7 |  651.9 |
       Dungeon |   4348 |   4119 |    229 |    221 |   3377 |   5 |  869.6 |
         Abyss |    214 |    214 |      0 |     55 |     71 |   2 |  107.0 |
               +--------+--------+--------+--------+--------+-----+--------+

Top non-repeatable levels by time:
     D:4: 1340 daAuts
     D:2: 1265 daAuts
     D:1: 991 daAuts
     D:3: 743 daAuts
 Abyss:2: 157 daAuts
 Abyss:1: 57 daAuts
     D:5: 7 daAuts
